 Dungeon Crawl Stone Soup version 0.30.1-1-g62c8e00024 (webtiles) character file.

Game seed: 5366574151588867002

744 Gorgoleon the Chopper (level 7, 9/67 HPs)
             Began as an Ogre Gladiator on July 15, 2023.
             Quit the game on level 5 of the Dungeon on July 16, 2023.
             The game lasted 00:09:55 (4354 turns).

Gorgoleon the Chopper (Ogre Gladiator)              Turns: 4354, Time: 00:09:56

Health: 9/67       AC:  4    Str: 21    XL:     7   Next: 76%
Magic:  7/7        EV:  9    Int: 12    God:
Gold:   168        SH:  7    Dex: 10    Spells: 6/6 levels left

rFire   . . .        a - +0 war axe
rCold   . . .        r - +0 kite shield
rNeg    . . .        s - +1 robe of Cocytus {rCorr Int+3}
rPois   .            c - +0 hat
rElec   .            (no cloak)
rCorr   +            (gloves unavailable)
SInv    .            (boots unavailable)
Will    +....        (no amulet)
Stlth   +            t - ring of willpower
HPRegen 0.31/turn    (no ring)
MPRegen 0.10/turn

%: no passive effects
@: no status effects
A: large, unfitting armour, tough skin 1
a: no special abilities


You were on level 5 of the Dungeon.
You visited 1 branch of the dungeon, and saw 5 of its levels.

You collected 168 gold pieces.

Inventory:

Hand Weapons
 a - a +0 war axe (weapon)
Missiles
 d - 3 throwing nets (quivered)
 e - a large rock
 h - 39 stones
Armour
 c - a +0 hat (worn)
 r - a +0 kite shield (worn)
 s - the +1 robe of Cocytus (worn) {rCorr Int+3}
   (You found it on level 4 of the Dungeon)

   Int:       It affects your intelligence (+3).
   rCorr:     It protects you from acid and corrosion.
Jewellery
 t - a ring of willpower (left hand)
Wands
 q - a wand of roots (7)
 w - a wand of paralysis (10)
Scrolls
 l - a scroll of amnesia {unknown}
 m - 4 scrolls of identify {unknown}
 n - a scroll of teleportation {unknown}
 p - a scroll of poison {unknown}
 v - a scroll of enchant weapon {unknown}
 x - 2 scrolls of noise {unknown}
Potions
 b - 2 potions of curing {unknown}
 f - 2 potions of might {unknown}
 g - a potion of degeneration {unknown}
 i - 3 potions of heal wounds {unknown}
 j - 3 potions of brilliance {unknown}
 k - a potion of flight {unknown}
 o - a potion of attraction {unknown}
 u - a potion of haste {unknown}


   Skills:
 - Level 3.0 Fighting
 + Level 7.7 Axes
 - Level 2.0 Throwing
 - Level 3.0 Dodging
 * Level 2.7 Shields
 - Level 2.0 Evocations


You had 6 spell levels left.
You didn't know any spells.
Your spell library contained the following spells:

 Spells                   Type           Power      Damage    Failure   Level
 Apportation              Tloc           0%         N/A       63%         1
 Magic Dart               Conj           0%         1d3       63%         1
 Necrotise                Necr           0%         1d4       63%         1
 Summon Small Mammal      Summ           0%         N/A       63%         1
 Lesser Beckoning         Tloc           0%         N/A       77%         2
 Searing Ray              Conj           0%         2d4       77%         2
 Static Discharge         Conj/Air       0%         2-2/arc   77%         2
 Gell's Gravitas          Tloc           0%         N/A       94%         3
 Portal Projectile        Hex/Tloc       0%         N/A       94%         3
 Teleport Other           Tloc           0%         N/A       94%         3
 Tukima's Dance           Hex            0%         N/A       94%         3
 Airstrike                Air            0%         2d(0-16)  100%        4
 Fulminant Prism          Conj/Hex       0%         3d5       100%        4
 Summon Lightning Spire   Summ/Air       0%         N/A       100%        4
 Blade Hands              Tmut           0%         N/A       100%        5


Dungeon Overview and Level Annotations

Branches:
Dungeon (5/15)
 Temple: D:4-7

Altars:
Qazlal
Ru

Shops:
D:2 ?


Innate Abilities, Weirdness & Mutations

You are too large for most types of armour.
You have tough skin. (AC +1)


Message History

The gnoll hits you from afar with a +0 spear.
Training target 2.0 for Evocations reached!
Your Evocations skill increases to level 2!
You slash the dart slug!
The dart slug is almost dead.
You barely miss the gnoll. You block the gnoll's attack.
The gnoll hits you from afar with a +0 spear.
The dart slug bites you. You block the gnoll's attack. x2
You slash the dart slug!
You kill the dart slug!
You hit the gnoll. The gnoll barely misses you. x2
You hit the gnoll.
You kill the gnoll!
The gnoll hits you from afar with a +0 spear.
The gnoll hits you with a +0 spear.
You see here a +0 spear.
You hit the gnoll.
The gnoll is moderately wounded.
The gnoll hits you with a +0 spear.
* * * LOW HITPOINT WARNING * * *
You hit the gnoll but do no damage.
The gnoll is moderately wounded.
The gnoll barely misses you. The gnoll hits you with a +0 spear.
* * * LOW HITPOINT WARNING * * *
You barely miss the gnoll.
The gnoll is moderately wounded.
The gnoll hits you with a +0 spear.
* * * LOW HITPOINT WARNING * * *
You barely miss the gnoll.
The gnoll is moderately wounded.
The gnoll hits you but does no damage.
You hit the gnoll but do no damage.
The gnoll is moderately wounded.
The gnoll hits you with a +0 spear.
* * * LOW HITPOINT WARNING * * *
The gnoll closely misses you.
You slash the gnoll!
You kill the gnoll!
Unknown command.
Are you sure you want to abandon this character and quit the game? (Confirm with "yes".)

..........# ...........#
...........# ...........#
...........# ...........#
........).# #.####+##
........@.# ..........
..........# ..........
.......)..# ..........
..........# ..........
..........# ..........
..........# ..........
..........# ..........
..........#######.####..#
########†.......#.####'##


There were no monsters in sight!

Vanquished Creatures
  A black bear (D:5)
  An ogre (D:5)
  A phantom (D:5)
  A gnoll sergeant (D:5)
  2 scorpions
  An orc priest (D:4)
  Ijyb (D:5)
  An iguana (D:5)
  2 orc wizards (D:5)
  7 gnolls (D:5)
  3 adders
  A white imp (D:5)
  An ufetubus (D:3)
  A worm (D:3)
  2 dart slugs
  5 orcs
  8 endoplasms
  3 giant cockroaches
  6 hobgoblins
  7 jackals
  4 kobolds
  3 quokkas
  5 ball pythons
  3 bats
  5 frilled lizards
  7 goblins
  2 rats
84 creatures vanquished.

Notes
Turn   | Place    | Note
-------+----------+-------------------------------------------
     0 | D:1      | Gorgoleon the Ogre Gladiator began the quest for the Orb.
     0 | D:1      | Reached XP level 1. HP: 22/22 MP: 1/1
   193 | D:1      | Reached XP level 2. HP: 25/29 MP: 2/2
   198 | D:1      | Found a faded altar of an unknown god.
   499 | D:1      | Reached skill level 4 in Axes
   876 | D:2      | Reached XP level 3. HP: 34/36 MP: 3/3
  1198 | D:2      | Found Ymywag's Magic Scroll Emporium.
  1365 | D:2      | You fall into a shaft and drop 1 floor!
  1387 | D:3      | Reached XP level 4. HP: 33/44 MP: 4/4
  1799 | D:3      | Noticed a scorpion
  1814 | D:3      | Reached skill level 5 in Axes
  2117 | D:3      | Killed a scorpion
  2118 | D:3      | Reached XP level 5. HP: 24/50 MP: 5/5
  2361 | D:4      | Reached skill level 6 in Axes
  2462 | D:4      | Identified the +1 robe of Cocytus {rCorr Int+3}
  2896 | D:4      | Reached XP level 6. HP: 23/59 MP: 6/6
  3096 | D:4      | Found a sacrificial altar of Ru.
  3147 | D:4      | Found a stormy altar of Qazlal.
  3636 | D:5      | Entered Level 5 of the Dungeon
  3799 | D:5      | Reached skill level 1 in Shields
  3799 | D:5      | Reached skill level 1 in Evocations
  3876 | D:5      | Reached skill level 7 in Axes
  3876 | D:5      | Reached XP level 7. HP: 48/67 MP: 7/7
  4148 | D:5      | Noticed Ijyb
  4167 | D:5      | Killed Ijyb
  4354 | D:5      | Quit the game

Illustrated notes

Levels and vault maps discovered:
D:1:      psy_arrival_statuary, layout_loops_ring,
          shapermc_ecumenical_altar_starsandcircs
D:2:      layout_loops_ring, serial_shops, shop, hangedman_decor_points
D:3:      layout_rooms
D:4:      layout_gridville, mainiacjoe_overflow_two_lobes,
          chequers_hall_statues_y
D:5:      layout_gridville, minmay_door_square, uniq_prince_ribbit1, uniq_ijyb

Skill      XL: |  1  2  3  4  5  6  7 |
---------------+----------------------+-----
Axes           | 4 5 6 7 |  7.7
Dodging        | 3 |  3.0
Fighting       | 3 |  3.0
Shields        | 1 2 |  2.7
Evocations     | 1 2 |  2.0
Throwing       | |  2.0

Action                     |  1- 3 |  4- 6 |  7- 9 || total
---------------------------+-------+-------+-------++-------
  Melee: War axe           |    85 |   131 |    46 ||   262
         Punch             |     1 |     1 |       ||     2
   Stab: Sleeping          |     1 |       |       ||     1
 Armour: Robe              |    23 |    40 |     8 ||    71
  Dodge: Dodged            |    50 |    66 |    17 ||   133
  Block: Kite shield       |       |    23 |    18 ||    41
